 Dungeon Crawl Stone Soup version 0.32-a0-818-gb728d0252e (webtiles) character file.

Game seed: 17017890875264965744

210 porpoise the Poker (level 5, -9/42 HPs)
             Began as a Demonspawn Gladiator on Mar 24, 2024.
             Mangled by Menkaure (17 damage)
             ... on level 4 of the Dungeon.
             The game lasted 00:09:37 (3009 turns).

porpoise the Poker (Demonspawn Gladiator)           Turns: 3009, Time: 00:09:37

Health: -9/42      AC:  6    Str: 16    XL:     5   Next: 57%
Magic:  5/5        EV: 10    Int:  8    God:
Gold:   192        SH:  0    Dex: 15    Spells: 4/4 levels left

rFire   . . .        a - +0 trident
rCold   . . .        (no shield)
rNeg    . . .        l - +0 ring mail
rPois   .            c - +0 helmet
rElec   .            (no cloak)
rCorr   .            (no gloves)
SInv    .            (no boots)
Will    .....        (no amulet)
Stlth   +            (no ring)
HPRegen 0.27/turn    (no ring)
MPRegen 0.09/turn

%: no passive effects
@: no status effects
A: powered by death 2
a: no special abilities


You were on level 4 of the Dungeon.
You visited 1 branch of the dungeon, and saw 4 of its levels.

You collected 192 gold pieces.

Inventory:

Hand Weapons
 a - a +0 trident (weapon)
 s - the +5 flail "Ogap" {protect, rElec rN+ Dex+3}
   (You found it on level 3 of the Dungeon)

   Dex+3:     It affects your dexterity (+3).
   rElec:     It insulates you from electricity.
   rN+:       It protects you from negative energy.
Missiles
 d - 3 throwing nets (quivered)
 e - a javelin
 f - 18 poisoned darts
 r - 3 boomerangs
Armour
 c - a +0 helmet (worn)
 l - a +0 ring mail (worn)
Jewellery
 n - a +6 ring of dexterity
Scrolls
 b - a scroll of enchant weapon {unknown}
 g - a scroll of teleportation {unknown}
 h - 2 scrolls of fear {unknown}
 i - a scroll of poison {unknown}
 j - 3 scrolls of identify {unknown}
 m - a scroll of noise {unknown}
 o - a scroll of immolation {unknown}
Potions
 k - 3 potions of curing {unknown}
 p - a potion of haste
 q - a potion of degeneration {unknown}
 t - a potion of invisibility {unknown}


   Skills:
 + Level 3.7 Fighting
 * Level 5.0 Polearms
 - Level 1.7 Throwing
 - Level 2.6 Dodging


You had 4 spell levels left.
You didn't know any spells.
Your spell library contained the following spells:

 Spells                   Type           Power      Damage    Failure   Level
 Apportation              Tloc           0%         N/A       63%         1
 Necrotise                Necr           0%         1d4       63%         1
 Sting                    Conj/Alch      0%         1d3       63%         1
 Summon Small Mammal      Summ           0%         N/A       63%         1
 Ensorcelled Hibernation  Hex/Ice        0%         N/A       77%         2
 Jinxbite                 Hex            0%         N/A       77%         2
 Dazzling Flash           Conj/Hex       0%         N/A       94%         3
 Fugue of the Fallen      Necr           0%         N/A       94%         3
 Mephitic Cloud           Conj/Alch/Air  0%         N/A       94%         3
 Passwall                 Erth           0%         N/A       94%         3
 Sigil of Binding         Hex            0%         N/A       94%         3
 Swiftness                Air            0%         N/A       94%         3
 Anguish                  Hex/Necr       0%         N/A       100%        4
 Alistair's Intoxication  Alch           0%         N/A       100%        5
 Curse of Agony           Necr           0%         N/A       100%        5
 Silence                  Hex/Air        0%         N/A       100%        5
 Death Channel            Necr           0%         N/A       100%        6
 Sculpt Simulacrum        Ice/Alch       0%         N/A       100%        6


Dungeon Overview and Level Annotations

Branches:
Dungeon (4/15)
 Temple: D:4-7

Altars:
Trog

Annotations:
D:4 Menkaure


Innate Abilities, Weirdness & Mutations

You regenerate health from kills.


Message History

The ball python hisses angrily.
Reach: a) +0 trident
Press: ? - help, Dir - move target, f - you
Okay, then.
Unknown command.
You aren't carrying any items that you can evoke.
Unknown command.
You closely miss the ball python. The ball python closely misses you. x2
Menkaure calls on the powers of darkness!
The ball python convulses!
Your body is wracked with pain!
The ball python barely misses you.
You hear an angry hiss.
You hit the ball python but do no damage.
The ball python is moderately wounded.
The ball python closely misses you. The ball python barely misses you.
You barely miss the ball python.
The ball python is moderately wounded.
The ball python closely misses you. The ball python barely misses you.
A ball python comes into view.
You puncture the ball python!
You kill the ball python!
Menkaure mumbles some strange words.
Menkaure seems to speed up.
Your Polearms skill increases to level 5!
You reach to attack!
You hit Menkaure.
Menkaure is lightly damaged.
Menkaure calls on the powers of darkness!
Your body is wracked with pain!
You are too injured to fight recklessly!
You are too injured to fight recklessly!
You hit the ball python.
You kill the ball python!
Menkaure barely misses you.
Found 2 dark potions.
Menkaure barely misses you.
Things that are here:
a ball python corpse; a ball python corpse Menkaure hits you!
* * * LOW HITPOINT WARNING * * *
Menkaure hits you!
You die...

##.. #... .#..... #.
#..##....... #. #...
.#.#... #
##.####.$##.....!#
..#...........#.#..#
....................
####................
...........M@.......
.###....###†...####.
#......# ##...#
##.....# ##....#
##.....# .......
#....#.# .......
#....#.# .......
###)...#.# .......
#..#.###.# .......


You could see Menkaure (fast).

Vanquished Creatures
  A bombardier beetle (D:4)
  A hound (D:4)
  An orc wizard (D:3)
  Robin (D:3)
  2 adders
  A dart slug (D:1)
  9 orcs
  5 endoplasms
  7 giant cockroaches
  16 goblins
  7 hobgoblins
  9 kobolds
  2 quokkas (D:1)
  7 ball pythons
  3 bats
  2 frilled lizards
  4 rats
78 creatures vanquished.

Notes
Turn   | Place    | Note
-------+----------+-------------------------------------------
     0 | D:1      | porpoise the Demonspawn Gladiator began the quest for the
                  | Orb.
     0 | D:1      | Reached XP level 1. HP: 16/16 MP: 1/1
   133 | D:1      | Reached skill level 3 in Polearms
   201 | D:1      | Gained mutation: You regenerate a little health from kills.
                  | [demonic ancestry]
   201 | D:1      | Reached XP level 2. HP: 22/22 MP: 2/2
   560 | D:1      | Found a faded altar of an unknown god.
   996 | D:2      | Reached XP level 3. HP: 28/28 MP: 3/3
  1522 | D:2      | You fall into a shaft and drop 1 floor!
  1842 | D:3      | Found a bloodstained altar of Trog.
  1926 | D:3      | Reached skill level 4 in Polearms
  1926 | D:3      | Reached XP level 4. HP: 33/35 MP: 4/4
  2261 | D:3      | Identified the +5 flail "Ogap" {protect, rElec rN+ Dex+3}
  2287 | D:3      | Noticed Robin
  2302 | D:3      | HP: 1/35 [goblin/+1 dagger of flaming[Robin] (1)]
  2571 | D:3      | Killed Robin
  2864 | D:4      | Gained mutation: You regenerate health from kills. [demonic
                  | ancestry]
  2864 | D:4      | Reached XP level 5. HP: 41/41 MP: 5/5
  2997 | D:4      | Noticed Menkaure
  3005 | D:4      | Reached skill level 5 in Polearms
  3009 | D:4      | Mangled by Menkaure

Illustrated notes

Levels and vault maps discovered:
D:1:      dpeg_arrival_tiny_g, layout_loops_corners,
          shapermc_ecumenical_altar_ellora
D:2:      layout_loops_ring, minmay_tromino_mix6
D:3:      layout_loops_cross, mainiacjoe_overflow_tiny_flanked, uniq_robin
D:4:      layout_cave_pools, serial_co_window_serial, co_window_paths_a,
          co_window_cross_1, co_window_cross_1, co_window_corner_a,
          co_window_of_opportunity_a, co_window_paths_b, co_window_corner_a,
          co_window_of_opportunity_b, co_window_broadway_c, co_window_corner_cb,
          co_window_broadway_a, co_window_corner_ca, co_window_2corner,
          co_window_paths_d, co_window_paths_e, glass_columns_a,
          glass_columns_c, uniq_menkaure

Skill      XL: |  1  2  3  4  5 |
---------------+----------------+-----
Polearms       | 3 4 5 |  5.0
Fighting       | 3 |  3.7
Throwing       | |  1.7
Dodging        | |  2.6

Action                     |  1- 3 |  4- 6 || total
---------------------------+-------+-------++-------
  Melee: Trident           |   151 |   128 ||   279
    Use: Potion            |       |     1 ||     1
   Stab: Sleeping          |     4 |       ||     4
 Armour: Leather armour    |    36 |       ||    36
         Ring mail         |    48 |    78 ||   126
  Dodge: Dodged            |    59 |    53 ||   112

Table legend: (Time is in decaauts)
 A = Elapsed time spent in this place.
 B = Non-inter-level travel time spent in this place.
 C = Inter-level travel time spent in this place.
 D = Time resting spent in this place.
 E = Time spent auto-exploring this place.
 F = Levels seen in this place.
 G = Mean time per level.
                   A        B        C        D        E       F      G
               +--------+--------+--------+--------+--------+-----+--------+
         Total |   3027 |   2937 |     90 |    371 |   1948 |   4 |  756.8 |
       Dungeon |   3027 |   2937 |     90 |    371 |   1948 |   4 |  756.8 |
               +--------+--------+--------+--------+--------+-----+--------+

Top non-repeatable levels by time:
     D:2: 1031 daAuts
     D:1: 940 daAuts
     D:3: 901 daAuts
     D:4: 154 daAuts
